 Dungeon Crawl Stone Soup version 0.28.0 (webtiles) character file.

Game seed: 9877616003609626454

45 Minsecho the Chopper (level 3, -4/33 HPs)
             Began as a Hill Orc Monk on Feb 7, 2022.
             Slain by a gnoll (22 damage)
             ... on level 2 of the Dungeon.
             The game lasted 00:01:52 (1487 turns).

Minsecho the Chopper (Hill Orc Monk)                Turns: 1487, Time: 00:01:53

Health: -4/33      AC:  3    Str: 15    XL:     3   Next: 64%
Magic:  3/3        EV: 12    Int: 10    God:
Gold:   9          SH:  0    Dex: 13    Spells: 2/2 levels left

rFire   . . .      SeeInvis .   a - +0 hand axe
rCold   . . .      Faith    .   (no shield)
rNeg    . . .      Spirit   .   d - +0 leather armour
rPois   .          Reflect  .   (no helmet)
rElec   .          Harm     .   (no cloak)
rCorr   .          Rampage  .   (no gloves)
Will    .....                   (no boots)
Stlth   ++........              (no amulet)
HPRegen 0.11/turn               (no ring)
MPRegen 0.08/turn               (no ring)

@: no status effects
A: no striking features
a: no special abilities


You were on level 2 of the Dungeon.
You visited 1 branch of the dungeon, and saw 2 of its levels.

You collected 9 gold pieces.

Inventory:

Hand Weapons
 a - a +0 hand axe (weapon)
Missiles
 k - 5 atropa-tipped darts (quivered)
 l - 5 curare-tipped darts
 m - a throwing net
Armour
 b - a +0 robe
 d - a +0 leather armour (worn)
 e - an orb of mayhem
Scrolls
 h - a scroll of identify {unknown}
 i - a scroll of immolation {unknown}
Potions
 c - a potion of mutation {unknown}
 f - a potion of heal wounds {unknown}
 g - a potion of curing {unknown}


   Skills:
 + Level 3.9 Fighting
 + Level 4.8 Axes
 + Level 1.5 Armour
 + Level 2.7 Dodging
 + Level 1.7 Stealth


You had 2 spell levels left.
You didn't know any spells.
Your spell library was empty.

Dungeon Overview and Level Annotations

Branches:
Dungeon (2/15)

Altars:


Message History

You see here 5 curare-tipped darts.
l - 5 curare-tipped darts A gnoll comes into view.
It is wielding a +0 whip.
The gnoll shouts!
The gnoll throws a throwing net.
The throwing net completely misses you.
You see here a throwing net.
m - a throwing net A gnoll comes into view.
It is wielding a +0 club.
A gnoll comes into view. It is wielding a +2 whip of distortion.
The gnoll shouts!
You throw a javelin. The javelin barely misses the gnoll.
The javelin pierces through the gnoll!
The gnoll is severely wounded.
The javelin completely misses the gnoll.
The gnoll hits you with a +0 whip.
Unknown command.
You throw a javelin. The javelin pierces through the gnoll.
The gnoll is lightly wounded.
The javelin closely misses the gnoll.
The javelin pierces through the gnoll!
The gnoll is severely wounded.
The gnoll hits you but does no damage.
Unknown command.
You throw an atropa-tipped dart. The atropa-tipped dart hits the gnoll.
The gnoll appears confused.
The gnoll is lightly wounded.
Unknown command.
You hit the gnoll.
The gnoll is heavily wounded.
The gnoll seems less confused.
The gnoll hits you with a +0 whip.
You hit the gnoll.
The gnoll is heavily wounded.
The gnoll misses you.
You slash the gnoll!
You kill the gnoll!
You hit the gnoll.
The gnoll is almost dead.
The gnoll hits you with a +2 whip of distortion!
Space warps horribly around you!!
Ouch! That really hurt!
You die...

.. ..>...#..........#
.##...#########..†...#
.... .........## #...
#####...#######
#...........#
#.#...#####.# #.#...#
#########.#...#
(....gg@......###
#########..........
#....#####. ......#
###...## #...# ##..#
...# ..#


You could see 2 gnolls.

Vanquished Creatures
  A gnoll (D:2)
  An adder (D:2)
  3 ball pythons
  2 endoplasms (D:1)
  A giant cockroach (D:1)
  3 hobgoblins (D:1)
  3 jackals (D:1)
  2 quokkas (D:1)
  A frilled lizard (D:1)
  A goblin (D:1)
  3 kobolds (D:1)
  2 rats (D:1)
23 creatures vanquished.

Vanquished Creatures (collateral kills)
  A rat (D:1)
1 creature vanquished.

Grand Total: 24 creatures vanquished

Notes
Turn   | Place    | Note
-------+----------+-------------------------------------------
     0 | D:1      | Minsecho the Hill Orc Monk began the quest for the Orb.
     0 | D:1      | Reached XP level 1. HP: 19/19 MP: 1/1
    28 | D:1      | Found a faded altar of an unknown god.
   282 | D:1      | Reached XP level 2. HP: 27/27 MP: 2/2
   785 | D:1      | Reached skill level 1 in Armour
  1175 | D:1      | Reached XP level 3. HP: 30/33 MP: 3/3
  1487 | D:2      | Slain by a gnoll

Illustrated notes

Levels and vault maps discovered:
D:1:      scummos_arrival_simple_crosswalls, layout_loops_ring,
          hellmonk_ecumenical_altar_dog_temple, amcnicky_mini_pool_small
D:2:      layout_basic, uniq_natasha, uniq_crazy_yiuf_cottage

Skill      XL: |  1  2 |
---------------+-------+-----
Armour         | 1 |  1.5
Fighting       | |  3.9
Axes           | |  4.8
Dodging        | |  2.7
Stealth        | |  1.7

Action                   || total
-------------------------++-------
Melee: Hand axe          ||    85
       Punch             ||     1
Throw: Javelin           ||     2
       Dart              ||     1
 Stab: Sleeping          ||     1
Armor: Leather armour    ||    17
Dodge: Dodged            ||    62
